 Dungeon Crawl Stone Soup version 0.22-a0-283-g1871b15 (webtiles) character file.

26481 AgonHex the Cleaver (level 12, -4/116 HPs)
             Began as a Deep Dwarf Fighter on Mar 19, 2018.
             Was a Priest of Makhleb.
             Slain by a 19-headed hydra (11 damage)
             ... on level 11 of the Dungeon.
             The game lasted 00:47:48 (12658 turns).

AgonHex the Cleaver (Deep Dwarf Fighter)           Turns: 12658, Time: 00:47:48

Health: -4/116     AC: 27    Str: 32    XL:     12   Next: 98%
Magic:  0/10       EV: 12    Int:  9    God:    Makhleb [***...]
Gold:   1011       SH: 14    Dex: 20    Spells: 11/11 levels left

rFire    + . .     SeeInvis .   c - +5 war axe of Okawaru's Anger {protect, *Contam rPois rN+ Dex+5}
rCold    + . .     Gourm    .   G - +2 buckler
rNeg     + . .     Faith    .   C - +3 chain mail {rF+} {rF+}
rPois    +         Spirit   +   (no helmet)
rElec    .         Reflect  +   o - scarf {Spirit}
rCorr    +         Harm     .   (no gloves)
MR       +....                  A - +2 pair of boots
Stlth    ..........             v - +6 amulet of reflection
HPRegen  0.00/turn              I - ring of protection from cold
MPRegen  0.12/turn              y - ring "Wail" {rCorr +Blink Str+10}

@: protection aura, non-regenerating
A: damage resistance, heal wounds, molten scales 1, blink, sense surroundings 2,
no regeneration
a: Heal Wounds, Blink, Minor Destruction, Lesser Servant of Makhleb, Renounce
Religion, Evoke Blink


You were on level 11 of the Dungeon.
You worshipped Makhleb.
Makhleb was most pleased with you.
You were hungry.

You visited 3 branches of the dungeon, and saw 14 of its levels.
You also visited: Sewer, Ossuary and Ice Cave.

You collected 1343 gold pieces.
You spent 332 gold pieces at shops.

Inventory:

Hand Weapons
 c - the +5 war axe of Okawaru's Anger (weapon) {protect, *Contam rPois rN+ Dex+5}
   (You took it off an orc sorcerer on level 10 of the Dungeon)

   It protects the one who uses it against injury (+AC on strike).
   It affects your dexterity (+5).
   It protects you from poison.
   It protects you from negative energy.
   It causes magical contamination when unequipped.
Missiles
 l - 8 tomahawks (quivered)
 w - 59 poisoned needles
 F - 8 curare-tipped needles
Armour
 n - the +0 buckler of Jaeh Hak {rElec rPois rC- Str+7}
   (You bought it in a shop on level 4 of the Dungeon)

   It affects your strength (+7).
   It makes you vulnerable to cold.
   It insulates you from electricity.
   It protects you from poison.
 o - a scarf of spirit shield (worn)
 A - a +2 pair of boots (worn)
 C - a +3 chain mail of fire resistance (worn) {rF+}
 G - a +2 buckler (worn)
Jewellery
 j - a +3 ring of dexterity
 v - a +6 amulet of reflection (around neck)
 y - the ring "Wail" (right hand) {rCorr +Blink Str+10}
   (You found it on level 5 of the Dungeon)

   [ring of resist corrosion]

   It affects your strength (+10).
   It lets you blink.
 I - a ring of protection from cold (left hand)
Wands
 d - a wand of disintegration (8)
 u - a wand of iceblast (7)
 D - a wand of digging (10)
 H - a wand of flame (30)
 J - a wand of paralysis (16)
Scrolls
 f - 3 scrolls of immolation {!r}
 i - a scroll of identify
 q - a scroll of remove curse
 r - 4 scrolls of amnesia
 t - 7 scrolls of teleportation
 B - 2 scrolls of blinking {!r}
 E - 2 scrolls of magic mapping {!r}
Potions
 g - 2 potions of flight
 h - 4 potions of cancellation
 k - a potion of heal wounds
 m - a potion of invisibility
 p - a potion of haste
 s - 4 potions of brilliance
 x - 2 potions of lignification {!q}
 z - 3 potions of curing
Miscellaneous
 b - a sack of spiders
 M - a box of beasts
 N - a lightning rod (4/4)
Comestibles
 e - 26 rations


   Skills:
 + Level 10.1 Fighting
 * Level 14.2 Axes
 + Level 11.8 Armour
 - Level 4.1 Dodging
 - Level 4.0 Shields
 * Level 11.2 Invocations


You had 11 spell levels left.
You didn't know any spells.

Dungeon Overview and Level Annotations

Branches:
Dungeon (12/15)            Temple (1/1) D:6            Lair (1/6) D:11
    Orc (0/2) D:10

Altars:
Ashenzari
Cheibriados
Dithmenos
Elyvilon
Fedhas
Gozag
Hepliaklqana
Kikubaaqudgha
Makhleb
Nemelex Xobeh
Okawaru
Qazlal
Ru
Sif Muna
Trog
Uskayaw
Vehumet
Wu Jian
Xom
Yredelemnul
Zin
The Shining One

Shops:
D:4 ([%}   D:6 [!   D:10 *

Annotations:
D:7 exclusion: upstairs


Innate Abilities, Weirdness & Mutations

You are resistant to damage.
You can heal yourself by infusing magical energy.
You passively map the area around you.
You do not regenerate.
You are partially covered in molten scales. (AC +2)
You can translocate small distances at will.


Message History

You block the 20-headed hydra's attack.
The 20-headed hydra bites you but does no damage.
The 20-headed hydra bites you.
* * * LOW HITPOINT WARNING * * *
The 20-headed hydra bites you!
* * * LOW HITPOINT WARNING * * *
You block the 20-headed hydra's attack.
The 20-headed hydra bites you but does no damage.
The 20-headed hydra closely misses you.
The 20-headed hydra bites you but does no damage.
You block the 20-headed hydra's attack. The 20-headed hydra barely misses you.
You block the 20-headed hydra's attack. The 20-headed hydra bites you.
* * * LOW HITPOINT WARNING * * *
You block the 20-headed hydra's attack.
You slice one of the 20-headed hydra's heads off!
You slash the 19-headed hydra! The 19-headed hydra closely misses you.
The 19-headed hydra misses you.
You block the 19-headed hydra's attack. x3
The 19-headed hydra bites you but does no damage. x2
The 19-headed hydra bites you!
You die...

........#..........#...#.....#
.......##...##....##...#.###.#
.......##...##....##...#.###.#
).)...............##...#.....#
)<................##...#.....#
..(....................#.....#
...(...................#.###.#
............)....D.....#.###.#
................@.######.....#
..................#..>.......#
..................#.###......#
.............F....#.###..###.#
###################......###.#
###################..........#
...#..............#..........#
...#..............######.....#
...#..............##...#.....#


You could see a 19-headed hydra and a blink frog.

Vault maps used:
D:1:      dpeg_arrival_leaves_temple_mockup, minmay_misc_feat_diagonals,
          bh_walls_and_bars
D:2:      tso_metal_star, xom_teletrap_fun, first_ration, feat_on_display
D:3:      lemuel_doored_altar, fedhas_altar_1
D:4:      kennysheep_six_static_rooms, nicolae_overflow_crystal_walls,
          yredelemnul_forgotten_temple_becter, portal_sewer_entry_a,
          serial_shops, nicolae_shop_trees, nicolae_shop_trees, shop,
          nicolae_shop_behind_doors, minmay_goblin_outpost,
          uniq_crazy_yiuf_cottage, uniq_natasha, uniq_duvessa
D:5:      overflow_temple_1_default
D:6:      corexii_shantytown, grunt_gozag_breadcrumbs,
          minmay_temple_entry_from_below_a, enter_ossuary_4, serial_shops,
          nicolae_shop_competitors_out_of_business, shop, serial_park_tiny_1
D:7:      kennysheep_mini_moat, uniq_pikel, uniq_menkaure
D:8:      grunt_qazlal_clouds, overflow_temple_1_default, hangedman_ranch
D:9:      grunt_temple_overflow_lords_of_destruction, small_statue_alley_b
D:10:     minmay_the_grid_3x3, orc_0_dummy, serial_shops, shop
D:11:     lair_entry_dummy, uniq_grum
D:12:     minmay_shrinking_squares, portal_ice_cave_entry_imps
Temple:   eino_temple_lava
Lair:1:   hangedman_lair_generics_rect, uniq_sonja
Sewer:    sewer_frog_island_01
Ossuary:  ossuary_zaba_flooded
IceCv:    ice_cave_caverns_02

Notes
Turn   | Place    | Note
-------+----------+-------------------------------------------
     0 | D:1      | AgonHex the Deep Dwarf Fighter began the quest for the Orb.
     0 | D:1      | Reached XP level 1. HP: 20/20 MP: 1/1
   127 | D:1      | Reached skill level 3 in Axes
   127 | D:1      | Reached XP level 2. HP: 27/27 MP: 2/2
   251 | D:1      | Identified a ring of dexterity (You found it on level 1 of the Dungeon)
   638 | D:2      | Identified a scroll of remove curse
   639 | D:2      | Identified 2 scrolls of immolation
   640 | D:2      | Identified a scroll of enchant armour
   677 | D:2      | Reached skill level 4 in Axes
   677 | D:2      | Reached XP level 3. HP: 25/33 MP: 3/3
   744 | D:2      | Found a shimmering altar of Xom.
   867 | D:2      | Found a glowing golden altar of the Shining One.
  1364 | D:3      | Identified a scroll of random uselessness
  1365 | D:3      | Identified 2 scrolls of identify
  1365 | D:3      | Identified a potion of invisibility
  1366 | D:3      | Identified a potion of cancellation
  1410 | D:3      | Reached XP level 4. HP: 34/40 MP: 4/4
  1429 | D:3      | Found a shadowy altar of Dithmenos.
  1471 | D:3      | Identified a +2 whip of draining (You took it off an orc on level 3 of the Dungeon)
  1501 | D:3      | Found a blossoming altar of Fedhas.
  1536 | D:3      | Reached skill level 5 in Axes
  2099 | D:4      | Identified 3 scrolls of amnesia
  2100 | D:4      | Identified a scroll of magic mapping
  2114 | D:4      | Reached XP level 5. HP: 46/46 MP: 5/5
  2121 | D:4      | Identified a ring of loudness (You found it on level 4 of the Dungeon)
  2143 | D:4      | Reached skill level 6 in Axes
  2158 | D:4      | Found a glowing drain.
  2159 | D:4      | Noticed an ogre
  2169 | D:4      | Killed an ogre
  2169 | D:4      | Reached skill level 7 in Axes
  2169 | D:4      | Reached XP level 6. HP: 26/55 MP: 6/6
  2194 | D:4      | Noticed Duvessa
  2199 | D:4      | Noticed Dowan
  2199 | Sewer    | Entered a sewer
  2438 | Sewer    | Reached skill level 8 in Axes
  2442 | Sewer    | Reached XP level 7. HP: 32/61 MP: 6/6
  2488 | D:4      | Killed Duvessa
  2494 | D:4      | Killed Dowan
  2494 | D:4      | Reached skill level 9 in Axes
  2502 | D:4      | HP: 13/61 [phantom (4)]
  2537 | D:4      | Found a basalt altar of Yredelemnul.
  2555 | D:4      | Noticed Natasha
  2563 | D:4      | Killed Natasha
  2582 | D:4      | Found Tynnubru's Antique Armour Emporium.
  2596 | D:4      | Found Uduxuint's Food Emporium.
  2641 | D:4      | Found a hide-covered altar of Uskayaw.
  2670 | D:4      | Found Jirozarr's Weapon Emporium.
  2683 | D:4      | Reached skill level 10 in Axes
  2770 | D:4      | Reached XP level 8. HP: 62/68 MP: 5/5
  2808 | D:4      | Noticed Natasha
  2833 | D:4      | Killed Natasha
  3075 | D:4      | Reached skill level 11 in Axes
  3154 | D:4      | Noticed Natasha
  3161 | D:4      | Killed Natasha
  3283 | D:4      | Found Kinlusot's Gadget Shoppe.
  3426 | D:4      | Bought a distressingly furry buckler for 199 gold pieces
  3431 | D:4      | Identified the +0 buckler of Jaeh Hak {rElec rPois rC- Str+7} (You bought it in a shop on level 4 of the Dungeon)
  3449 | D:5      | Entered Level 5 of the Dungeon
  3450 | D:5      | Identified a scroll of blinking
  3538 | D:5      | Reached skill level 3 in Fighting
  3593 | D:5      | Reached skill level 4 in Armour
  3645 | D:5      | Identified the cursed +0 centaur barding "Ziriab" {*Corrode rC+ Dex+4} (You found it on level 5 of the Dungeon)
  3646 | D:5      | Identified an amulet of reflection (You found it on level 5 of the Dungeon)
  3666 | D:5      | Found a hazy altar of Hepliaklqana.
  3722 | D:5      | Reached skill level 4 in Shields
  3891 | D:5      | Got an ancient marble ring
  4129 | D:5      | Noticed wevryn's ghost (novice TrFi)
  4139 | D:5      | Identified 2 potions of curing
  4140 | D:5      | Identified a potion of resistance
  4153 | D:5      | Killed wevryn's ghost
  4153 | D:5      | Reached skill level 4 in Fighting
  4153 | D:5      | Reached skill level 5 in Armour
  4153 | D:5      | Gained mutation: You passively map the area around you. [Deep Dwarf growth]
  4153 | D:5      | Reached XP level 9. HP: 60/79 MP: 5/5
  4533 | D:5      | Identified a scroll of torment
  4580 | D:6      | Found Kobulug's Distillery.
  4584 | D:6      | Bought a potion of heal wounds for 75 gold pieces
  4594 | D:6      | Found an opulent altar of Gozag.
  4748 | D:6      | Identified a potion of agility
  4749 | D:6      | Identified a potion of degeneration
  4750 | D:6      | Identified a potion of mutation
  4750 | D:6      | Gained mutation: You are partially covered in molten scales. (AC +2) [potion of mutation]
  4750 | D:6      | Gained mutation: You can translocate small distances at will. [potion of mutation]
  4751 | D:6      | Identified 2 potions of haste
  4752 | D:6      | Identified a potion of brilliance
  4984 | D:6      | Found a sand-covered staircase.
  4991 | Ossuary  | Entered an ossuary
  5056 | Ossuary  | Reached skill level 6 in Armour
  5067 | Ossuary  | Reached skill level 5 in Fighting
  5259 | Ossuary  | Identified the ring "Wail" {rCorr +Blink Str+10} (You found it on level 5 of the Dungeon)
  5261 | Ossuary  | Identified a potion of flight
  5262 | Ossuary  | Identified a potion of lignification
  5263 | Ossuary  | Identified an amulet of inaccuracy (You found it in an ossuary)
  5465 | D:6      | Found a staircase to the Ecumenical Temple.
  5604 | D:7      | Noticed Pikel
  5636 | D:7      | Killed Pikel
  5636 | D:7      | Reached skill level 6 in Fighting
  5636 | D:7      | Reached skill level 7 in Armour
  5643 | D:7      | Noticed Menkaure
  5651 | D:7      | Killed Menkaure
  5738 | D:7      | Found an ancient bone altar of Kikubaaqudgha.
  5912 | D:7      | Reached XP level 10. HP: 59/92 MP: 6/6
  5939 | D:7      | Reached skill level 12 in Axes
  6198 | D:4      | Identified a +3 chain mail of fire resistance (You took it off Duvessa on level 4 of the Dungeon)
  6312 | D:7      | Reached skill level 8 in Armour
  6755 | Temple   | Entered the Ecumenical Temple
  7078 | D:6      | Reached skill level 1 in Dodging
  7117 | D:6      | Found Qetuud's Armour Boutique.
  7124 | D:6      | Bought a +0 pair of boots for 58 gold pieces
  7146 | D:6      | Identified 3 scrolls of teleportation
  7149 | D:6      | Identified an amulet of regeneration (You found it on level 7 of the Dungeon)
  7150 | D:6      | Identified a ring of ice (You found it on level 6 of the Dungeon)
  7467 | D:6      | Identified a ring of wizardry (You found it on level 6 of the Dungeon)
  7892 | D:8      | Reached skill level 7 in Fighting
  7941 | D:8      | Noticed Dazliare's ghost (journeyman TeCj)
  7956 | D:8      | Killed Dazliare's ghost
  7956 | D:8      | Reached skill level 2 in Dodging
  8017 | D:8      | Found a bloodstained altar of Trog.
  8029 | D:8      | Identified a scarf of spirit shield (You found it on level 8 of the Dungeon)
  8077 | D:8      | Reached skill level 9 in Armour
  8194 | D:8      | Reached skill level 3 in Dodging
  8241 | D:8      | Found a stormy altar of Qazlal.
  8558 | D:8      | Reached skill level 8 in Fighting
  8607 | D:8      | Noticed a three-headed hydra
  8633 | D:8      | Killed a three-headed hydra
  8633 | D:8      | Reached skill level 10 in Armour
  8633 | D:8      | Reached skill level 4 in Dodging
  8868 | D:9      | Reached XP level 11. HP: 86/104 MP: 0/6
  8907 | D:9      | Identified a +2 buckler (You found it on level 9 of the Dungeon)
  8926 | D:9      | Found a radiant altar of Vehumet.
  8927 | D:9      | Found a burning altar of Makhleb.
  8940 | D:9      | Became a worshipper of Makhleb the Destroyer
  9042 | D:9      | Reached skill level 1 in Invocations
  9061 | D:9      | Noticed a two-headed ogre
  9077 | D:9      | Killed a two-headed ogre
  9077 | D:9      | Reached skill level 2 in Invocations
  9136 | D:9      | Identified a cursed -3 whip (You found it on level 9 of the Dungeon)
  9143 | D:9      | Identified a scroll of fog
  9144 | D:9      | Identified a scroll of vulnerability
  9145 | D:9      | Identified a scroll of noise
  9421 | D:9      | Noticed a two-headed ogre
  9435 | D:9      | Killed a two-headed ogre
  9435 | D:9      | Reached skill level 3 in Invocations
  9620 | D:9      | Reached skill level 4 in Invocations
  9704 | D:10     | Entered Level 10 of the Dungeon
  9741 | D:10     | Noticed an orc sorcerer
  9796 | D:10     | Killed an orc sorcerer
  9831 | D:10     | Got a warped war axe {protect}
  9832 | D:10     | Identified the +5 war axe of Okawaru's Anger {protect, *Contam rPois rN+ Dex+5} (You took it off an orc sorcerer on level 10 of the Dungeon)
  9842 | D:10     | Reached skill level 5 in Invocations
  9940 | D:10     | Reached * piety under Makhleb
 10078 | D:10     | Reached skill level 9 in Fighting
 10231 | D:10     | Found Rinid's Assorted Antiques.
 10384 | D:10     | Identified a +0 troll leather armour
 10384 | D:10     | Reached skill level 6 in Invocations
 10400 | D:10     | Found a staircase to the Orcish Mines.
 10502 | D:10     | Noticed a fire dragon
 10518 | D:10     | Killed a fire dragon
 10699 | D:11     | Got a faintly glowing emerald amulet
 10700 | D:11     | Identified the amulet "Jiukott" {Inacc -Tele Int+7} (You found it on level 11 of the Dungeon)
 10706 | D:11     | Identified a scroll of fear
 10864 | D:11     | Reached skill level 7 in Invocations
 10882 | D:11     | Killed an unseen horror
 10928 | D:11     | Noticed Grum
 10929 | D:11     | Reached ** piety under Makhleb
 10942 | D:11     | Killed Grum
 11328 | D:11     | Noticed a two-headed ogre
 11329 | D:11     | Found a staircase to the Lair.
 11339 | D:11     | Killed a two-headed ogre
 11339 | D:11     | Reached skill level 11 in Armour
 11339 | D:11     | Reached skill level 8 in Invocations
 11339 | D:11     | Reached XP level 12. HP: 114/114 MP: 0/12
 11595 | D:12     | Found a frozen archway.
 11630 | IceCv    | Entered an ice cave
 11642 | IceCv    | Reached skill level 13 in Axes
 11794 | IceCv    | Identified a ring of teleportation (You found it on level 11 of the Dungeon)
 11838 | IceCv    | Reached *** piety under Makhleb
 11841 | IceCv    | Reached skill level 9 in Invocations
 12066 | IceCv    | Noticed a death yak
 12089 | IceCv    | Killed a death yak
 12089 | IceCv    | Reached skill level 10 in Invocations
 12201 | IceCv    | Noticed a frost giant
 12249 | IceCv    | HP: 16/116 [frost giant/bolt of cold (45)]
 12259 | IceCv    | Killed a frost giant
 12259 | IceCv    | Reached skill level 10 in Fighting
 12259 | IceCv    | Reached skill level 14 in Axes
 12286 | IceCv    | Got a polished short sword
 12338 | IceCv    | Identified a ring of protection from cold (You found it in an ice cave)
 12424 | D:12     | Reached skill level 11 in Invocations
 12514 | Lair:1   | Entered Level 1 of the Lair of Beasts
 12591 | Lair:1   | Noticed a five-headed hydra
 12593 | Lair:1   | Reached **** piety under Makhleb
 12655 | D:11     | HP: 22/116 [19-headed hydra (10)]
 12657 | D:11     | HP: 7/116 [20-headed hydra (5)]
 12658 | D:11     | Slain by a 19-headed hydra

Table legend:
 A = Turns spent in this place as a percentage of turns spent in the entire game.
 B = Non-inter-level travel turns spent in this place as a percentage of non-inter-level travel turns spent in the entire game.
 C = Inter-level travel turns spent in this place as a percentage of turns spent in this place.
 D = Turns resting spent in this place as a percentage of non-inter-level travel turns spent in this place.
 E = Turns spent auto-exploring this place as a percentage of non-inter-level travel turns spent in this place.
 F = Non-inter-level travel turns spent in this place divided by the number of levels of this place that you've seen.
                   A       B       C       D       E      F
               +-------+-------+-------+-------+-------+----------------------
         Total | 100.0 | 100.0 |   7.9 |   1.1 |  63.8 | 685.8
       Dungeon |  86.6 |  85.5 |   9.1 |   1.3 |  68.4 | 830.8
        Temple |   0.7 |   0.7 |   8.0 |   0.0 |  81.5 |  81.0
          Lair |   1.0 |   1.1 |   0.0 |   0.0 |  43.1 | 130.0
         Sewer |   2.1 |   2.3 |   0.0 |   0.0 |  46.1 | 267.0
       Ossuary |   3.5 |   3.8 |   0.0 |   0.0 |  33.0 | 445.0
      Ice Cave |   6.0 |   6.6 |   0.0 |   0.0 |  30.5 | 765.0
               +-------+-------+-------+-------+-------+----------------------

Table legend:
 A = Kills in this place as a percentage of kills in entire the game.
 B = Kills by you in this place as a percentage of kills by you in the entire game.
 C = Kills by friends in this place as a percentage of kills by friends in the entire game.
 D = Other kills in this place as a percentage of other kills in the entire game.
 E = Experience gained in this place as a percentage of experience gained in the entire game.
 F = Experience gained in this place divided by the number of levels of this place that you have seen.
                   A       B       C       D       E      F
               +-------+-------+-------+-------+-------+----------------------
         Total | 100.0 | 100.0 | 100.0 | 100.0 | 100.0 | 2225.4
       Dungeon |  76.5 |  77.0 |   0.0 |   0.0 |  57.4 | 1810.1
          Lair |   2.1 |   1.9 | 100.0 |   0.0 |   4.5 | 1717.0
         Sewer |   4.2 |   4.3 |   0.0 |   0.0 |   0.6 | 245.0
       Ossuary |   5.9 |   6.0 |   0.0 |   0.0 |   1.7 | 630.0
      Ice Cave |  11.2 |  10.9 |   0.0 | 100.0 |  35.7 | 13518.0
               +-------+-------+-------+-------+-------+----------------------

Skill      XL: |  1  2  3  4  5  6  7  8  9 10 11 12 |
---------------+-------------------------------------+-----
Axes           | 3 4 5 7 8 10 11 12 14 | 14.2
Fighting       | 4 6 8 9 10 | 10.1
Armour         | 5 7 10 11 | 11.8
Shields        | 4 |  4.0
Dodging        | 4 |  4.1
Invocations    | 8 11 | 11.2

Action                   |  1- 3 |  4- 6 |  7- 9 | 10-12 || total
-------------------------+-------+-------+-------+-------++-------
Melee: War axe           |    90 |    17 |       |   583 ||   690
       Whip              |       |   140 |   775 |   493 ||  1408
Throw: Stone             |       |       |     4 |       ||     4
Invok: Lesser Servant of |       |       |       |     4 ||     4
 Abil: Heal Wounds       |     1 |     3 |    18 |    33 ||    55
Evoke: Wand              |       |       |       |     2 ||     2
  Use: Scroll            |     6 |     3 |     8 |    16 ||    33
       Potion            |       |       |    11 |     6 ||    17
  Eat: Chunk             |     2 |     3 |     9 |    18 ||    32
       Ration            |       |       |     1 |     3 ||     4
Armor: Scale mail        |    37 |    68 |   162 |    15 ||   282
       Chain mail        |       |       |       |   471 ||   471
Dodge: Dodged            |    55 |    79 |   209 |   436 ||   779
Block: Buckler           |       |       |   196 |   695 ||   891
       Reflection        |       |       |     7 |     8 ||    15

Vanquished Creatures
  A frost giant (IceCv)
  A fire dragon (D:10)
  A hydra (D:8)
  3 two-headed ogres
  The ghost of Dazliare the Fighter, a journeyman TeCj of Yredelemnul (D:8)
  A death yak (IceCv)
  An unseen horror (D:11)
  Pikel (D:7)
  An orc sorcerer (D:10)
  The ghost of wevryn the Skirmisher, a novice TrFi of Trog (D:5)
  A cyclops (D:11)
  An ice statue (IceCv)
  A troll (D:10)
  20 polar bears (IceCv)
  2 hornets
  A blink frog (Lair:1)
  2 dream sheep (D:8)
  5 hippogriffs
  A wraith (D:11)
  Grum (D:11)
  18 yaks
  3 hungry ghosts
  Menkaure (D:7)
  Duvessa (D:4)
  A sky beast (D:6)
  A porcupine (Lair:1)
  6 orc warriors
  3 phantoms (D:4)
  A black bear (D:8)
  A necrophage (D:10)
  3 ogres
  22 wolves
  2 centaurs
  7 big kobolds
  A wyvern zombie (D:10)
  7 bullfrogs
  Dowan (D:4)
  A wyvern skeleton (D:11)
  2 scorpions
  7 wights
  10 killer bees
  11 crimson imps
  2 howler monkeys
  3 hounds
  A centaur skeleton (D:4)
  4 bullfrog zombies (Ossuary)
  A centaur zombie (Ossuary)
  5 jellies
  2 bullfrog skeletons
  10 orc priests
  16 orc wizards
  5 iguanas
  10 worker ants
  Natasha (thrice) (D:4)
  3 hound zombies
  2 hound skeletons
  A howler monkey zombie (D:10)
  10 mummies (Ossuary)
  6 worker ant zombies
  8 gnolls
  A howler monkey skeleton (D:4)
  18 adders
  2 shadow imps
  12 white imps (D:12)
  An ooze (D:1)
  2 adder skeletons
  6 adder zombies
  A worm (D:6)
  4 leopard geckos
  62 orcs
  13 giant cockroaches
  17 goblins
  13 hobgoblins
  10 jackals
  5 quokkas
  7 bats
  10 frilled lizards
  A giant cockroach zombie (D:5)
  2 goblin zombies (D:6)
  18 kobolds
  2 leopard gecko zombies (Ossuary)
  A quokka skeleton (D:7)
  2 quokka zombies (Ossuary)
  10 rats
  A spectral orc (D:4)
470 creatures vanquished.

Vanquished Creatures (collateral kills)
  A blink frog (Lair:1)
1 creature vanquished.

Vanquished Creatures (others)
  A rime drake (IceCv)
  A yak (IceCv)
  2 slaves
  A wolf (IceCv)
  A worker ant (D:7)
  An adder (D:7)
  A jackal zombie (D:7)
  A fungus (Lair:1)
  A withered plant (Ossuary)
10 creatures vanquished.

Grand Total: 481 creatures vanquished
